[Event "ICC tourney 2460 (45 10)"]
[Site "Internet Chess Club"]
[Date "2021.03.20"]
[Round "3"]
[White "KRYLOV, RATISLAV:RatislavK"]
[Black "Xiao, Michael:michaelxiao"]
[Result "1/2-1/2"]
[ICCResult "Game drawn by mutual agreement"]
[WhiteElo "1482"]
[BlackElo "1332"]
[Opening "French: King's Indian attack"]
[ECO "C00"]
[NIC "FR.02"]
[Time "16:02:22"]
[PlyCount "72"]
[TimeControl "2700+10"]

1. e4 e6 2. d3 d5 3. Nd2 Bc5 4. Ngf3 Nd7 5. g3 dxe4 6. Nxe4 Ngf6 7. Nxc5
Nxc5 8. Be3 Ncd7 9. Bg2 Rb8 10. O-O b6 11. Nd4 Bb7 12. Nc6 Bxc6 13. Bxc6
O-O 14. b4 Nd5 15. Bd2 N7f6 16. c4 Ne7 17. Be4 Nxe4 18. dxe4 Qd3 19. Re1
Ng6 20. Qe2 Rbd8 21. Bf4 Nxf4 22. gxf4 Rd4 23. Qxd3 Rxd3 24. Red1 Rfd8 25.
Rxd3 Rxd3 26. Rc1 Rd4 27. f3 Kf8 28. Rc2 Ke7 29. Kf2 Kf6 30. Ke3 c5 31. e5+
Kg6 32. Rg2+ Kh6 33. Rc2 Kg6 34. Rg2+ Kh6 35. Rc2 g6 36. a4 Rd1 { Game
drawn by mutual agreement } 1/2-1/2

[Event "ICC tourney 2460 (45 10)"]
[Site "Internet Chess Club"]
[Date "2021.03.20"]
[Round "3"]
[White "SAXENA, VIHAAN:vihaan2011"]
[Black "SU, THEODORE:Theodorees"]
[Result "0-1"]
[ICCResult "White checkmated"]
[WhiteElo "1341"]
[BlackElo "1406"]
[Opening "Sicilian: Najdorf, Byrne (English) attack"]
[ECO "B90"]
[NIC "SI.14"]
[Time "16:01:26"]
[PlyCount "86"]
[TimeControl "2700+10"]

1. e4 c5 2. Nf3 d6 3. d4 cxd4 4. Nxd4 Nf6 5. Nc3 a6 6. Be3 e6 7. Be2 Be7 8.
O-O Qc7 9. f3 O-O 10. Qd2 Nc6 11. Nxc6 bxc6 12. a4 Rb8 13. Rfb1 d5 14. exd5
cxd5 15. Nd1 e5 16. Bg5 Be6 17. Bxf6 Bxf6 18. b4 Rfc8 19. Ra2 Qb6+ 20. Kf1
e4 21. a5 Qd6 22. Kg1 d4 23. Ra3 Qc6 24. Rc1 d3 25. Bf1 dxc2 26. Ne3 Bg5
27. fxe4 Qxe4 28. Bxa6 Rd8 29. Qe2 Bxe3+ 30. Rxe3 Rd1+ 31. Kf2 Qf4+ 32. Rf3
Qxc1 33. Qe5 Qd2+ 34. Kg3 Rd8 35. Rc3 c1=Q 36. Rxc1 Rxc1 37. Qf4 Rc3+ 38.
Qf3 Rxf3+ 39. gxf3 Qg5+ 40. Kf2 Rd2+ 41. Kf1 Bh3+ 42. Ke1 Qe3+ 43. Be2
Qxe2# { White checkmated } 0-1

[Event "ICC tourney 2460 (45 10)"]
[Site "Internet Chess Club"]
[Date "2021.03.20"]
[Round "3"]
[White "NIBBER, SUMAIR:SumiN"]
[Black "Xiao, Marina:marinaxiao"]
[Result "1-0"]
[ICCResult "Black checkmated"]
[WhiteElo "1451"]
[BlackElo "1484"]
[Opening "Sicilian: Sveshnikov variation"]
[ECO "B33"]
[NIC "SI.38"]
[Time "16:01:34"]
[PlyCount "91"]
[TimeControl "2700+10"]

1. e4 c5 2. Nf3 Nc6 3. d4 cxd4 4. Nxd4 Nf6 5. Nc3 e5 6. Ndb5 d6 7. Bg5 a6
8. Bxf6 gxf6 9. Na3 b5 10. Nd5 f5 11. Bd3 Be6 12. O-O Bg7 13. Qh5 f4 14. c4
b4 15. Nc2 a5 16. g3 fxg3 17. fxg3 O-O 18. Kh1 Rb8 19. b3 h6 20. h4 Ne7 21.
Nf6+ Kh8 22. Ne3 Qc8 23. Nf5 Bxf5 24. exf5 Ng8 25. Nxg8 Kxg8 26. Be4 f6 27.
Rad1 Rb6 28. Rf2 Qc5 29. Rf3 Qc7 30. Bd5+ Kh8 31. g4 Qc8 32. g5 Qe8 33. Qg4
h5 34. Qe4 Qd8 35. Rg1 Ra6 36. Rfg3 Ra7 37. Qe2 Qe8 38. Qg2 Qe7 39. gxf6
Rxf6 40. Rg5 Rh6 41. Qf2 Bf6 42. Rg8+ Kh7 43. R1g6 Bxh4 44. Qg2 Bf6 45.
Rxh6+ Kxh6 46. Qg6# { Black checkmated } 1-0

[Event "ICC tourney 2460 (45 10)"]
[Site "Internet Chess Club"]
[Date "2021.03.20"]
[Round "3"]
[White "GONG, JONATHAN YICHENG:Theutltl"]
[Black "SKARIAH, ANUSHKA ELIZABETH:kskariah"]
[Result "0-1"]
[ICCResult "White resigns"]
[WhiteElo "1463"]
[BlackElo "1375"]
[Opening "French: advance, Paulsen attack"]
[ECO "C02"]
[NIC "FR.03"]
[Time "16:01:47"]
[PlyCount "126"]
[TimeControl "2700+10"]

1. e4 e6 2. d4 d5 3. e5 c5 4. c3 Nc6 5. Nf3 Qb6 6. a3 Bd7 7. b4 cxd4 8.
cxd4 Nge7 9. Be2 Nf5 10. Bb2 Be7 11. O-O Rc8 12. Qd3 O-O 13. Nbd2 a6 14.
Nb3 Qc7 15. Rac1 Qd8 16. Nc5 Bxc5 17. Rxc5 Be8 18. Rfc1 f6 19. exf6 Qxf6
20. Ne5 Nd6 21. Ng4 Qf4 22. Qe3 Qxe3 23. Nxe3 Ne4 24. R5c2 Nxf2 25. Ng4
Nxg4 26. Bxg4 Bd7 27. Re1 Rce8 28. Rce2 Rf6 29. Bc3 b5 30. Bh5 g6 31. Bg4
Kf7 32. Bh3 Kg8 33. g3 Kg7 34. Bg2 Rff8 35. g4 h6 36. h4 Rf4 37. Bxd5 Nxd4
38. Bxe6 Bxe6 39. Rxe6 Rxe6 40. Rxe6 Kf7 41. Re3 Rxg4+ 42. Kf2 Nf5 43. Rd3
Rf4+ 44. Ke2 Ke7 45. Be1 Nxh4 46. Bg3 Re4+ 47. Kf2 Nf5 48. Bc7 Rd4 49. Rc3
Rc4 50. Rxc4 bxc4 51. a4 Kd7 52. Bh2 Kc6 53. Ke2 Nd4+ 54. Ke3 Nc2+ 55. Kd2
Nxb4 56. Kc3 Nd5+ 57. Kxc4 g5 58. Kd4 Nf6 59. Bg3 h5 60. Ke5 h4 61. Be1 h3
62. Bg3 Nh5 63. Bh2 g4 { White resigns } 0-1

[Event "ICC tourney 2460 (45 10)"]
[Site "Internet Chess Club"]
[Date "2021.03.20"]
[Round "3"]
[White "SULTAN, BASHIR Cisse:muzikmixer"]
[Black "Pulijala, Akshaj:akshajp"]
[Result "0-1"]
[ICCResult "White resigns"]
[WhiteElo "1577"]
[BlackElo "1394"]
[Opening "King's Indian: Andersson variation"]
[ECO "E92"]
[NIC "KI.18"]
[Time "16:01:32"]
[PlyCount "110"]
[TimeControl "2700+10"]

1. c4 Nf6 2. Nc3 g6 3. e4 d6 4. d4 Bg7 5. Nf3 O-O 6. Be2 e5 7. dxe5 dxe5 8.
Qxd8 Rxd8 9. Bg5 Re8 10. Nd5 Nxd5 11. cxd5 f5 12. Be3 Bf6 13. Nd2 Rd8 14.
f3 c6 15. Bc4 Kg7 16. Rc1 Bd7 17. Nb1 f4 18. Bf2 cxd5 19. exd5 Bf5 20. Nc3
Nd7 21. Ne4 Bxe4 22. fxe4 Be7 23. O-O Nc5 24. Rfe1 a5 25. Bb5 Rac8 26. Rc3
b6 27. Kf1 Bd6 28. Rec1 Rb8 29. Re1 h6 30. a3 Nd7 31. Bxd7 Rxd7 32. Rec1 b5
33. Rc6 b4 34. Bc5 Bxc5 35. R6xc5 bxa3 36. bxa3 a4 37. Rc7 Rb7 38. Rxd7+
Rxd7 39. Rc4 Ra7 40. Ke2 g5 41. h3 h5 42. Kf3 Kf7 43. g3 fxg3 44. Kxg3 Rb7
45. Rxa4 Rb3+ 46. Kf2 Rxh3 47. Ra7+ Kf6 48. a4 Ra3 49. a5 h4 50. a6 g4 51.
Ra8 h3 52. a7 g3+ 53. Ke2 h2 54. Rh8 g2 55. a8=Q Rxa8 { White resigns } 0-1

[Event "ICC tourney 2460 (45 10)"]
[Site "Internet Chess Club"]
[Date "2021.03.20"]
[Round "4"]
[White "WANG, YUANZHE:yogokings12"]
[Black "NIBBER, SUMAIR:SumiN"]
[Result "0-1"]
[ICCResult "White resigns"]
[WhiteElo "1576"]
[BlackElo "1451"]
[Opening "KGA: bishop's gambit"]
[ECO "C33"]
[NIC "KG.03"]
[Time "18:31:43"]
[PlyCount "52"]
[TimeControl "2700+10"]

1. e4 e5 2. f4 exf4 3. Bc4 Qh4+ 4. Kf1 Nf6 5. Nf3 Qh6 6. Nc3 d5 7. Bxd5 Bb4
8. Bb3 Nc6 9. Nd5 Nxd5 10. exd5 Ne7 11. c3 Bd6 12. d4 O-O 13. c4 c5 14. Bc2
Bg4 15. dxc5 Bxc5 16. h3 Nf5 17. Bxf5 Bxf5 18. Qd2 Qa6 19. b3 Rae8 20. Nd4
Bxd4 21. Qxd4 Re4 22. Qd2 Rfe8 23. Bb2 Re2 24. Qc3 Qg6 25. Rg1 Rxb2 26.
Qxb2 Bd3+ { White resigns } 0-1

[Event "ICC tourney 2460 (45 10)"]
[Site "Internet Chess Club"]
[Date "2021.03.20"]
[Round "4"]
[White "REMPE, LENNIK:Kokosnuss1000"]
[Black "LAW, HANS CHI:hanslaw"]
[Result "0-1"]
[ICCResult "White resigns"]
[WhiteElo "1450"]
[BlackElo "1333"]
[Opening "French: exchange variation"]
[ECO "C01"]
[NIC "FR.01"]
[Time "18:31:56"]
[PlyCount "54"]
[TimeControl "2700+10"]

1. e4 e6 2. d4 d5 3. exd5 exd5 4. Nf3 Bd6 5. Bd3 Ne7 6. O-O O-O 7. Re1 Bf5
8. Nc3 c6 9. Bg5 f6 10. Bh4 Nd7 11. Bxf5 Nxf5 12. Qe2 Re8 13. Qd2 Qc7 14.
Rxe8+ Rxe8 15. Re1 Rxe1+ 16. Qxe1 Bxh2+ 17. Nxh2 Nxh4 18. Qe8+ Nf8 19. Ng4
Qf4 20. Qh5 Nhg6 21. Ne2 Qe4 22. Ng3 Qxd4 23. Nf5 Qxb2 24. Ngh6+ gxh6 25.
Qxh6 Qa1+ 26. Kh2 Qe5+ 27. f4 Qxf5 { White resigns } 0-1

[Event "ICC tourney 2460 (45 10)"]
[Site "Internet Chess Club"]
[Date "2021.03.20"]
[Round "4"]
[White "Xiao, Michael:michaelxiao"]
[Black "KHANNA, KRISH:kkhanna"]
[Result "0-1"]
[ICCResult "White resigns"]
[WhiteElo "1332"]
[BlackElo "1465"]
[Opening "Pirc: classical (two knights) system"]
[ECO "B07"]
[NIC "PU.10"]
[Time "18:32:25"]
[PlyCount "60"]
[TimeControl "2700+10"]

1. e4 d6 2. d4 g6 3. Nf3 Bg7 4. Nc3 Nf6 5. Bc4 O-O 6. O-O Nc6 7. Be3 Ng4 8.
h3 Nxe3 9. fxe3 e5 10. Bb3 b6 11. d5 Ne7 12. Ne2 f5 13. exf5 Nxf5 14. Qd3
e4 15. Qxe4 Re8 16. Qa4 Bd7 17. Qb4 a5 18. Qd2 Nxe3 19. Rfe1 a4 20. Ned4
Bh6 21. Nc6 Qf6 22. Qd3 axb3 23. Qxb3 Bxh3 24. Ncd4 Bxg2 25. Rxe3 Rxe3 26.
Qb5 Bxf3 27. Nxf3 Rxf3 28. Qe2 Qg5+ 29. Kh1 Rh3+ 30. Qh2 Rxh2+ { White
resigns } 0-1

[Event "ICC tourney 2460 (45 10)"]
[Site "Internet Chess Club"]
[Date "2021.03.20"]
[Round "4"]
[White "SAXENA, VIHAAN:vihaan2011"]
[Black "SULTAN, BASHIR Cisse:muzikmixer"]
[Result "0-1"]
[ICCResult "White checkmated"]
[WhiteElo "1341"]
[BlackElo "1577"]
[Opening "Pirc: Ufimtsev-Pytel variation"]
[ECO "B07"]
[NIC "PU.08"]
[Time "18:31:44"]
[PlyCount "144"]
[TimeControl "2700+10"]

1. e4 d6 2. d4 Nf6 3. Nc3 c6 4. Nf3 Bg4 5. h3 Bh5 6. Be3 e6 7. Be2 Be7 8.
O-O O-O 9. Nd2 Bxe2 10. Qxe2 d5 11. e5 Nfd7 12. Qg4 Kh8 13. f4 c5 14. Nb3
cxd4 15. Bxd4 Nc6 16. Be3 a6 17. a3 Rc8 18. Rf3 Ncxe5 19. fxe5 Nxe5 20. Qg3
Nxf3+ 21. Qxf3 Bf6 22. Bc5 Rxc5 23. Nxc5 Bd4+ 24. Kh1 Bxc5 25. Rd1 Qf6 26.
Qxf6 gxf6 27. b4 Be7 28. Kg1 Rc8 29. Rd3 f5 30. Kf2 Bf6 31. Na4 Rxc2+ 32.
Kf3 Rc7 33. Nc5 Kg8 34. g4 fxg4+ 35. hxg4 Be7 36. Rc3 b6 37. Na4 Rxc3+ 38.
Nxc3 a5 39. bxa5 bxa5 40. Nb5 a4 41. Nc3 Bxa3 42. Nxa4 Kg7 43. Nc3 Kf6 44.
Kf4 Bd6+ 45. Kf3 Ke5 46. g5 Kf5 47. Ne2 Kxg5 48. Nd4 Be5 49. Nc6 Kf5 50.
Nd8 f6 51. Nc6 Bc3 52. Ne7+ Ke5 53. Nc6+ Kd6 54. Nd8 e5 55. Nf7+ Kc5 56.
Nh6 e4+ 57. Ke2 Bd4 58. Nf5 Be5 59. Ke3 Kc4 60. Nh4 Kc3 61. Ng2 f5 62. Nh4
d4+ 63. Ke2 f4 64. Nf5 Kc2 65. Nxd4+ Bxd4 66. Ke1 h5 67. Ke2 h4 68. Kf1 h3
69. Ke1 h2 70. Ke2 f3+ 71. Ke1 e3 72. Kf1 h1=Q# { White checkmated } 0-1

[Event "ICC tourney 2460 (45 10)"]
[Site "Internet Chess Club"]
[Date "2021.03.20"]
[Round "4"]
[White "Xiao, Marina:marinaxiao"]
[Black "SKARIAH, ANUSHKA ELIZABETH:kskariah"]
[Result "1/2-1/2"]
[ICCResult "Game drawn by repetition"]
[WhiteElo "1484"]
[BlackElo "1375"]
[Opening "French: advance, Paulsen attack"]
[ECO "C02"]
[NIC "FR.03"]
[Time "18:32:10"]
[PlyCount "78"]
[TimeControl "2700+10"]

1. e4 e6 2. d4 d5 3. e5 c5 4. c3 Nc6 5. Nf3 Qb6 6. a3 Bd7 7. b4 cxd4 8.
cxd4 Nge7 9. Nc3 Nf5 10. Na4 Qc7 11. Bb2 Be7 12. g4 Nh6 13. h3 f6 14. exf6
gxf6 15. Bg2 Rg8 16. Rc1 a6 17. Nc5 Nf7 18. a4 h5 19. b5 axb5 20. axb5 Qa5+
21. Bc3 Qxb5 22. Rb1 Qc4 23. Qd2 Bxc5 24. dxc5 Qxc5 25. Rxb7 Nd6 26. Rb3
Ne4 27. Qb2 e5 28. Nh2 Nxc3 29. Rxc3 Qa5 30. O-O hxg4 31. hxg4 Rb8 32. Qc2
Nd4 33. Qh7 Rf8 34. Re3 Be6 35. Rc1 Rf7 36. Qg8+ Rf8 37. Qh7 Rf7 38. Qg8+
Rf8 39. Qh7 Rf7 { Game drawn by repetition } 1/2-1/2

[Event "ICC tourney 2460 (45 10)"]
[Site "Internet Chess Club"]
[Date "2021.03.20"]
[Round "4"]
[White "Sheppard, Henry Saadi:henrysaadi"]
[Black "KRYLOV, RATISLAV:RatislavK"]
[Result "1/2-1/2"]
[ICCResult "White stalemated"]
[WhiteElo "1388"]
[BlackElo "1482"]
[Opening "QGD Slav defense"]
[ECO "D10"]
[NIC "SL.01"]
[Time "18:32:05"]
[PlyCount "158"]
[TimeControl "2700+10"]

1. d4 d5 2. c4 c6 3. Nc3 Nf6 4. e3 e6 5. Bd3 dxc4 6. Bxc4 b5 7. Bd3 Bb7 8.
Nf3 a6 9. O-O c5 10. Ne5 cxd4 11. exd4 Nbd7 12. Bg5 Be7 13. Nxd7 Qxd7 14.
Bf4 O-O 15. Be3 Rfd8 16. Bc2 Rac8 17. Qd3 g6 18. Rfd1 Ng4 19. Bf4 Bd6 20.
Qg3 Nf6 21. Be5 Nh5 22. Qg5 Be7 23. Qe3 b4 24. Ba4 Bc6 25. Bxc6 Qxc6 26.
Ne2 Ng7 27. Rac1 Qb7 28. Rxc8 Rxc8 29. Rc1 Nf5 30. Rxc8+ Qxc8 31. Qc1 Qxc1+
32. Nxc1 f6 33. Bc7 Nxd4 34. f4 Kf7 35. Bb6 Nc6 36. Kf2 f5 37. Ke3 h5 38.
Nd3 Bd6 39. Bc5 Bc7 40. Nxb4 Nxb4 41. Bxb4 Bb6+ 42. Kf3 Ke8 43. Kg3 Kd7 44.
Kh4 Bd8+ 45. Kg3 Kc6 46. Bc3 Kd5 47. Kf3 g5 48. h3 g4+ 49. hxg4 hxg4+ 50.
Ke3 Bb6+ 51. Kd3 Bc7 52. g3 Bb6 53. Be1 Bg1 54. a4 Kc5 55. b4+ Kd5 56. Kc3
Bb6 57. Kd3 Bd4 58. b5 axb5 59. axb5 Bb6 60. Bd2 Bf2 61. Be3 Bxe3 62. Kxe3
Kc5 63. b6 Kxb6 64. Kd4 Kc6 65. Ke5 Kd7 66. Kd4 Kd6 67. Ke3 Kc5 68. Kd3 Kd5
69. Ke3 Kc4 70. Kf2 Kd4 71. Ke2 Ke4 72. Kf2 Kd3 73. Kg2 Ke3 74. Kh2 Kf3 75.
Kh1 Kxg3 76. Kg1 Kxf4 77. Kh1 Kf3 78. Kh2 Kf2 79. Kh1 g3 { White stalemated
} 1/2-1/2

[Event "ICC tourney 2460 (45 10)"]
[Site "Internet Chess Club"]
[Date "2021.03.20"]
[Round "4"]
[White "ZHU, FLORINA:Florina12345"]
[Black "Pulijala, Akshaj:akshajp"]
[Result "1-0"]
[ICCResult "Black checkmated"]
[WhiteElo "1381"]
[BlackElo "1394"]
[Opening "Sicilian: Pelikan, Chelyabinsk variation"]
[ECO "B33"]
[NIC "SI.37"]
[Time "18:31:44"]
[PlyCount "131"]
[TimeControl "2700+10"]

1. e4 c5 2. Nf3 Nc6 3. d4 cxd4 4. Nxd4 Nf6 5. Nc3 e5 6. Ndb5 d6 7. Bg5 a6
8. Na3 b5 9. Nd5 Be7 10. Bxf6 Bxf6 11. c3 O-O 12. Be2 Bg5 13. O-O Ne7 14.
Nxe7+ Qxe7 15. Nc2 Be6 16. g3 f5 17. Bd3 f4 18. Be2 Bh3 19. Re1 f3 20. Bf1
Bxf1 21. Rxf1 Qd7 22. Ne1 Kh8 23. Nxf3 Bf6 24. Qd5 Rac8 25. Rad1 Rfd8 26.
Qb3 Rc4 27. Qc2 Qc7 28. Rd5 b4 29. Nd2 Rc6 30. c4 Bg5 31. f4 Bh6 32. b3
exf4 33. gxf4 Rc5 34. Qd3 Rxd5 35. Qxd5 Qb6+ 36. Kg2 Qe3 37. Rf3 Qe2+ 38.
Kh3 Rf8 39. Qxd6 g6 40. Qxb4 g5 41. Qc3+ Bg7 42. Qe3 g4+ 43. Kxg4 Qxh2 44.
Rh3 Qg2+ 45. Rg3 Qh2 46. e5 Rg8 47. Kf3 Qh5+ 48. Kg2 Qf7 49. Qe4 Bxe5 50.
Qxe5+ Rg7 51. Qxg7+ Qxg7 52. Rxg7 Kxg7 53. c5 Kf7 54. f5 Kf6 55. c6 Ke7 56.
f6+ Kxf6 57. c7 Ke6 58. c8=Q+ Ke5 59. Qc4 Kf6 60. Qd5 Kg7 61. Qe6 Kh8 62.
Qf7 h5 63. Ne4 h4 64. Ng5 h3+ 65. Kxh3 a5 66. Qh7# { Black checkmated } 1-0

[Event "ICC tourney 2460 (45 10)"]
[Site "Internet Chess Club"]
[Date "2021.03.20"]
[Round "4"]
[White "Xia, Joshua:MathMonkey"]
[Black "GONG, JONATHAN YICHENG:Theutltl"]
[Result "0-1"]
[ICCResult "White checkmated"]
[WhiteElo "1383"]
[BlackElo "1463"]
[Opening "Sicilian: Pelikan, Chelyabinsk variation"]
[ECO "B33"]
[NIC "SI.37"]
[Time "18:31:49"]
[PlyCount "156"]
[TimeControl "2700+10"]

1. e4 c5 2. Nf3 Nc6 3. d4 cxd4 4. Nxd4 Nf6 5. Nc3 e5 6. Ndb5 d6 7. Bg5 a6
8. Na3 b5 9. Nd5 Be7 10. Bxf6 Bxf6 11. c3 O-O 12. Nc2 Bg5 13. Be2 f5 14.
Bf3 Bh4 15. O-O fxe4 16. Bxe4 Bf5 17. Nf6+ Qxf6 18. Bxc6 Ra7 19. Ne3 Be6
20. g3 Bh3 21. Bg2 Bxg2 22. Nxg2 Bg5 23. Qd5+ Kh8 24. Rad1 Rd8 25. f4 exf4
26. Nxf4 Bxf4 27. Rxf4 Qe7 28. Rdf1 Raa8 29. Rf7 Qe2 30. Qxa8 Qxf1+ 31.
Kxf1 Rxa8 32. Rd7 Kg8 33. Rxd6 Kf7 34. Rd7+ Kf6 35. Ke2 Re8+ 36. Kd2 Re6
37. Ra7 h6 38. Kd3 g5 39. Kd4 Kf5 40. Rf7+ Kg4 41. Rf2 Kh3 42. Kc5 h5 43.
Rf5 Kg4 44. Rf2 Kh3 45. Kd5 Rg6 46. Ke5 h4 47. gxh4 gxh4 48. Kf4 Rf6+ 49.
Ke3 Re6+ 50. Kd2 Rd6+ 51. Ke1 Re6+ 52. Re2 Rxe2+ 53. Kxe2 Kxh2 54. Kf2 Kh3
55. Kf3 Kh2 56. Kf2 Kh3 57. b3 Kg4 58. Kg2 Kf4 59. Kh3 Ke4 60. Kxh4 Kd3 61.
Kg4 Kxc3 62. Kf5 Kb2 63. Ke6 Kxa2 64. Kd5 Kxb3 65. Kc6 a5 66. Kxb5 a4 67.
Kc5 a3 68. Kd4 a2 69. Kd3 a1=Q 70. Kd2 Qc3+ 71. Ke2 Kb2 72. Kf2 Qd3 73. Kg1
Qe2 74. Kh1 Kc3 75. Kg1 Kd3 76. Kh1 Ke3 77. Kg1 Kf3 78. Kh1 Qg2# { White
checkmated } 0-1

[Event "ICC tourney 2460 (45 10)"]
[Site "Internet Chess Club"]
[Date "2021.03.20"]
[Round "4"]
[White "SPERBER, JACOB:jacobsperber"]
[Black "VIDENA, DANIEL TUAPEN:Davide25"]
[Result "1-0"]
[ICCResult "Black resigns"]
[WhiteElo "1447"]
[BlackElo "1544"]
[Opening "Queen's Indian: Petrosian system"]
[ECO "E12"]
[NIC "QI.04"]
[Time "18:31:51"]
[PlyCount "151"]
[TimeControl "2700+10"]

1. d4 Nf6 2. c4 e6 3. Nf3 b6 4. a3 Bb7 5. e3 c5 6. Nc3 d5 7. cxd5 exd5 8.
Be2 Be7 9. O-O O-O 10. b3 Nbd7 11. Bb2 Rc8 12. Rc1 Re8 13. Bd3 Bf8 14. Kh1
a6 15. a4 Bd6 16. Ne2 Ne4 17. Ng3 Ndf6 18. Qe2 a5 19. Bb5 Re6 20. Nxe4 Nxe4
21. g3 Rh6 22. Kg2 Rc7 23. Rh1 Bc8 24. h4 Bg4 25. Qd1 Rf6 26. Be2 Bxf3+ 27.
Bxf3 Re6 28. dxc5 Bxc5 29. Qd3 Rd7 30. Rhd1 f6 31. Bg4 Ree7 32. Bxd7 Rxd7
33. Bd4 Qb8 34. Bxc5 Nxc5 35. Qb5 Qb7 36. Kg1 Kf7 37. Rd4 Qa7 38. Rcd1 Qb7
39. Kf1 Ke7 40. f3 Qa7 41. Kf2 Qb7 42. Rb1 Rd6 43. Qe2 Qa6 44. Qxa6 Nxa6
45. Rbd1 Nb4 46. e4 Ke6 47. exd5+ Rxd5 48. Rxd5 Nxd5 49. Rd3 h5 50. f4 f5
51. Kf3 g6 52. Rd1 Kd6 53. Rc1 Kd7 54. Ke2 Nf6 55. Ke3 Nd5+ 56. Kd4 Nb4 57.
Rc4 Kd6 58. Rc8 Nc6+ 59. Kc4 Ne7 60. Rb8 Kc7 61. Rf8 Kd7 62. Rf7 Ke6 63.
Rxe7+ Kxe7 64. Kb5 g5 65. Kxb6 gxf4 66. gxf4 Kd6 67. Kxa5 Kc6 68. b4 Kb7
69. b5 Ka7 70. b6+ Ka8 71. Kb5 Kb8 72. a5 Ka8 73. Kc5 Kb7 74. Kd5 Ka6 75.
Ke5 Kxa5 76. b7 { Black resigns } 1-0

[Event "ICC tourney 2460 (45 10)"]
[Site "Internet Chess Club"]
[Date "2021.03.20"]
[Round "5"]
[White "KRYLOV, RATISLAV:RatislavK"]
[Black "REMPE, LENNIK:Kokosnuss1000"]
[Result "1-0"]
[ICCResult "Black checkmated"]
[WhiteElo "1482"]
[BlackElo "1450"]
[Opening "Two knights defense"]
[ECO "C58"]
[NIC "KP.01"]
[Time "21:01:40"]
[PlyCount "119"]
[TimeControl "2700+10"]

1. e4 e5 2. Nf3 Nc6 3. Bc4 Nf6 4. Ng5 d5 5. exd5 Na5 6. Bb5+ c6 7. dxc6
bxc6 8. Bd3 Be7 9. Ne4 O-O 10. Nxf6+ Bxf6 11. O-O Re8 12. Re1 Qe7 13. Bf1
e4 14. d3 Bf5 15. Nc3 Rad8 16. Bf4 Nc4 17. Qc1 Na3 18. dxe4 Bxc3 19. bxc3
Bg6 20. Qb2 Bxe4 21. Bd3 Rb8 22. Bxb8 Qg5 23. Bxe4 Nc4 24. Qb4 Ne5 25. Bxe5
Qxe5 26. Bxh7+ Kxh7 27. Rxe5 Rxe5 28. Qh4+ Kg8 29. Rd1 f6 30. Rd8+ Kf7 31.
Qh5+ Rxh5 32. Rd7+ Kg6 33. Rxa7 Re5 34. g3 Re2 35. a4 Rxc2 36. a5 Rxc3 37.
a6 Ra3 38. Ra8 c5 39. a7 c4 40. Kf1 c3 41. Ke2 Kf5 42. Kd1 Ke4 43. Re8+ Kd3
44. a8=Q Rxa8 45. Rxa8 c2+ 46. Kc1 Kc3 47. Rc8+ Kb3 48. Rxc2 Kb4 49. Kd2
Ka4 50. Rb2 Ka5 51. Kc3 Ka6 52. Kc4 Ka7 53. Kc5 Ka8 54. Kc6 Ka7 55. Rb7+
Ka6 56. Rxg7 Ka5 57. Rf7 Ka4 58. Rxf6 Ka5 59. Rf4 Ka6 60. Ra4# { Black
checkmated } 1-0

[Event "ICC tourney 2460 (45 10)"]
[Site "Internet Chess Club"]
[Date "2021.03.20"]
[Round "5"]
[White "Xiao, Marina:marinaxiao"]
[Black "WANG, YUANZHE:yogokings12"]
[Result "1-0"]
[ICCResult "Black resigns"]
[WhiteElo "1484"]
[BlackElo "1576"]
[Opening "Sicilian: dragon, classical, 8.O-O"]
[ECO "B73"]
[NIC "SI.16"]
[Time "21:01:27"]
[PlyCount "63"]
[TimeControl "2700+10"]

1. e4 c5 2. Nf3 d6 3. d4 cxd4 4. Nxd4 Nf6 5. Nc3 g6 6. Be3 Bg7 7. Be2 Nc6
8. O-O O-O 9. Kh1 d5 10. exd5 Nxd5 11. Nxc6 bxc6 12. Nxd5 Qxd5 13. c3 e5
14. Qc2 Bf5 15. Qa4 Rfb8 16. Rfd1 Qe6 17. Bc4 Qe8 18. Rd2 Bf8 19. Re1 c5
20. Qa5 Be6 21. Bxe6 Qxe6 22. Rde2 Qc6 23. c4 Rb4 24. b3 Rab8 25. Bd2 R4b7
26. Rxe5 Bg7 27. Rxc5 Qd6 28. Rd5 Qf6 29. Be3 Re8 30. Bg5 Rxe1+ 31. Qxe1
Re7 32. Qd1 { Black resigns } 1-0

[Event "ICC tourney 2460 (45 10)"]
[Site "Internet Chess Club"]
[Date "2021.03.20"]
[Round "5"]
[White "NIBBER, SUMAIR:SumiN"]
[Black "SPERBER, JACOB:jacobsperber"]
[Result "1/2-1/2"]
[ICCResult "Game drawn by mutual agreement"]
[WhiteElo "1451"]
[BlackElo "1447"]
[Opening "Sicilian: Najdorf"]
[ECO "B90"]
[NIC "SI.14"]
[Time "21:01:16"]
[PlyCount "49"]
[TimeControl "2700+10"]

1. e4 c5 2. Nf3 d6 3. d4 cxd4 4. Nxd4 Nf6 5. Nc3 a6 6. Bd3 e5 7. Nde2 Be7
8. O-O O-O 9. Be3 b5 10. Ng3 Be6 11. h3 Nbd7 12. Re1 Rc8 13. a4 b4 14. Nd5
Bxd5 15. exd5 a5 16. Nf5 Nxd5 17. Bh6 gxh6 18. Qg4+ Bg5 19. h4 Kh8 20. hxg5
Qxg5 21. Qxg5 hxg5 22. Nxd6 Rc6 23. Nb7 Ra8 24. Rad1 Rb6 25. Bc4 { Game
drawn by mutual agreement } 1/2-1/2

[Event "ICC tourney 2460 (45 10)"]
[Site "Internet Chess Club"]
[Date "2021.03.20"]
[Round "5"]
[White "LAW, HANS CHI:hanslaw"]
[Black "ZHU, FLORINA:Florina12345"]
[Result "0-1"]
[ICCResult "White checkmated"]
[WhiteElo "1333"]
[BlackElo "1381"]
[Opening "Queen's pawn: London system"]
[ECO "A45"]
[NIC "QP.07"]
[Time "21:01:14"]
[PlyCount "144"]
[TimeControl "2700+10"]

1. d4 Nf6 2. Bf4 g6 3. Nc3 Bg7 4. e4 d6 5. Qd2 O-O 6. h4 h5 7. O-O-O Nc6 8.
f3 Nd7 9. d5 Nce5 10. Bh6 Kh7 11. Bxg7 Kxg7 12. Be2 c6 13. g4 Nf6 14. g5
Nfd7 15. f4 Ng4 16. Bxg4 hxg4 17. Qe2 Nc5 18. Qg2 Rh8 19. Nge2 e6 20. dxc6
bxc6 21. Qxg4 Rb8 22. b3 d5 23. Qg1 Qe7 24. e5 Ba6 25. Ng3 Rb4 26. Rd4 Nb7
27. Kb2 Bb5 28. Rxb4 Qxb4 29. Qxa7 Qxf4 30. Qxb7 Qxg3 31. Nxb5 cxb5 32.
Qxb5 Qxe5+ 33. Kb1 Qe4 34. Qf1 Rc8 35. Qd1 Rxc2 36. Qxc2 Qxh1+ 37. Kb2 Qxh4
38. Qc3+ Kh7 39. Qf6 Qh2+ 40. Ka3 Qd6+ 41. Kb2 Qd7 42. a4 d4 43. Kc2 Kg8
44. Kd3 Qd5 45. Qxd4 Qxb3+ 46. Ke4 Qc2+ 47. Ke5 Qf5+ 48. Kd6 Qxg5 49. Qe5
Qd8+ 50. Kc6 Qe8+ 51. Kb6 Qxa4 52. Qb8+ Kg7 53. Qe5+ Kf8 54. Qd6+ Kg8 55.
Qb8+ Kg7 56. Qe5+ Kf8 57. Qb8+ Qe8 58. Qd6+ Kg8 59. Qe5 Qd8+ 60. Kb7 Qd5+
61. Qxd5 exd5 62. Ka8 d4 63. Ka7 d3 64. Ka8 d2 65. Ka7 d1=Q 66. Ka8 Qb3 67.
Ka7 Qb5 68. Ka8 Kf8 69. Ka7 Ke8 70. Ka8 Kd8 71. Ka7 Kc8 72. Ka8 Qb7# {
White checkmated } 0-1

[Event "ICC tourney 2460 (45 10)"]
[Site "Internet Chess Club"]
[Date "2021.03.20"]
[Round "5"]
[White "VIDENA, DANIEL TUAPEN:Davide25"]
[Black "GONG, JONATHAN YICHENG:Theutltl"]
[Result "1/2-1/2"]
[ICCResult "Game drawn by mutual agreement"]
[WhiteElo "1544"]
[BlackElo "1463"]
[Opening "Grünfeld: 5.e3"]
[ECO "D94"]
[NIC "GI.03"]
[Time "21:01:26"]
[PlyCount "68"]
[TimeControl "2700+10"]

1. d4 Nf6 2. c4 g6 3. Nc3 d5 4. e3 Bg7 5. Nf3 e6 6. Bd3 Nbd7 7. O-O O-O 8.
b3 c5 9. cxd5 exd5 10. Bb2 cxd4 11. Nxd4 Nc5 12. Rc1 Nxd3 13. Qxd3 b6 14.
Rfd1 Bb7 15. Ba3 Re8 16. Ncb5 Ba6 17. Qd2 Ne4 18. Qe1 Bxb5 19. Nxb5 Rc8 20.
Rxc8 Qxc8 21. Nd6 Nxd6 22. Bxd6 d4 23. Bf4 Qc3 24. Qd2 dxe3 25. Bxe3 Qxd2
26. Rxd2 Bh6 27. Rd3 Bxe3 28. fxe3 Rc8 29. Rd2 Kf8 30. Kf1 Ke7 31. Ke2 Ke6
32. g4 Rc1 33. Kf3 h6 34. h3 g5 { Game drawn by mutual agreement } 1/2-1/2